cohdb
Replays
Latest Replays
All Replays
Popular Replays
Top Player Replays
Match Explorer
How It Works
Community
CoH3 Stats
Reddit
Sign in to upload your games and track your stats! →
Sign in with Steam
Match 41029175
Unlisted
Match 41029175
Overview
Messages
Build Orders
End
Kettenkrad Recon Vehicle
Construct Infanterie Kompanie
Grenadier Squad
Grenadier Squad
MG 42 Machine Gun Team
Construct Luftwaffe Kompanie
221 Scout Car
Jäger Squad
Luftwaffe Officer Quarters
Support Elements
Medical Bunker
Selects Terror Battlegroup
Selects Machine Gun Camouflage
Selects Defend the Fatherland
Defend the Fatherland
Wirbelwind Flakpanzer
HulkSMASH
♥weiden~ orz
0
0
Comments
sign in to comment!
No comments posted yet!